[Event "FIDE Chesscom Online Nations Cup"]
[White "Dominguez Perez, Leinier"]
[Black "Aronian, Levon"]
[Site "Online"]
[Round "4"]
[Annotator "RC"]
[Result "0-1"]
[Date "2020.05.06"]
[WhiteElo "2786"]
[BlackElo "2778"]
[PlyCount "96"]
[TimeControl "1500+10"]

1. e4 e5 2. Nf3 Nf6 3. Nxe5 d6 4. Nf3 Nxe4 5. d4 d5 6. Bd3 Bd6 7. 0-0 0-0 8. c4 c6 9. Qc2 h6 10. Re1 Be6 11. cxd5 cxd5 12. Bxe4 dxe4 13. Qxe4 Bd5 14. Qg4 Qd7 15. Qxd7 Nxd7 16. Nc3 Bxf3 17. gxf3 Bb4 18. Bd2 Rfd8 19. Ne4 Bxd2 20. Nxd2 Nf6 21. Nb3 b6 22. Rac1 Nd5 23. a3 Rd6 24. Re4 Rad8 25. Kf1 a5 26. a4 g5 27. Rc4 Kg7 28. Re1 Kg6 29. Nd2 Nb4 30. Nb3 Nd3 31. Re2 Nf4 32. Re1 Rf6 33. Nd2 Nd3 34. Rb1 Rf4 35. Rc6+ Kg7 36. Rxb6 Rdxd4 37. b3 Nxf2 38. Ke2 Rh4 39. Nf1 Nd3 40. Rb5 Nf4+ 41. Kf2 Rd3 42. Re5 Rc3 43. Rxa5 Rh3 44. Rb5 Rhxf3+ 45. Kg1 Rc2 46. Rb6 Rff2 47. a5 Rg2+ 48. Kh1 Nh3 0-1

[Event "FIDE Chesscom Online Nations Cup"]
[White "Giri, Anish"]
[Black "So, Wesley"]
[Site "Online"]
[Round "4"]
[Annotator "RC"]
[Result "1/2-1/2"]
[Date "2020.05.06"]
[WhiteElo "2731"]
[BlackElo "2741"]
[PlyCount "175"]
[TimeControl "1500+10"]

1. d4 Nf6 2. c4 e6 3. Nf3 d5 4. g3 Be7 5. Bg2 0-0 6. 0-0 dxc4 7. Qc2 a6 8. a4 Bd7 9. Qxc4 Bc6 10. Bg5 Bd5 11. Qc2 Be4 12. Qc1 h6 13. Bxf6 Bxf6 14. Nbd2 Bxf3 15. Nxf3 a5 16. Qc3 Nc6 17. Rad1 Nb4 18. Ne5 c6 19. e4 Bxe5 20. dxe5 Qb6 21. Rd6 Na6 22. Rfd1 Qc5 23. Qxc5 Nxc5 24. R1d4 Rfc8 25. Bf1 b5 26. axb5 cxb5 27. Bxb5 Rab8 28. Ba6 Nxa6 29. Rxa6 Rxb2 30. Ra7 Rb5 31. Rdd7 Rf8 32. Rd4 Rxe5 33. Ra4 Rb8 34. R7xa5 Rxa5 35. Rxa5 Rb4 36. h4 Rxe4 37. Kg2 g6 38. Rb5 Kg7 39. Ra5 Rd4 40. Ra7 Kf6 41. Ra8 Kf5 42. Rh8 h5 43. Ra8 e5 44. Ra5 Rd2 45. Rb5 Ra2 46. Rc5 f6 47. Rb5 Ra4 48. Rc5 g5 49. hxg5 Kxg5 50. Rb5 Re4 51. Rb8 Rg4 52. Kf3 Ra4 53. Rg8+ Kf5 54. Rh8 Ra3+ 55. Kg2 Kg6 56. Rg8+ Kh7 57. Rb8 Ra2 58. Re8 Kg6 59. Rg8+ Kf5 60. Rh8 Kg6 61. Rg8+ Kh7 62. Re8 Rb2 63. Rf8 Kg7 64. Re8 Rb4 65. Kf3 Ra4 66. Rb8 Kg6 67. Rg8+ Kf5 68. Rh8 e4+ 69. Kg2 Kg6 70. Rg8+ Kf7 71. Rh8 Ra5 72. Kf1 Rf5 73. Ke2 Re5 74. Ke3 Kg7 75. Ra8 Kg6 76. Kf4 Rf5+ 77. Kxe4 Rxf2 78. Rg8+ Kh6 79. Rh8+ Kg6 80. Rg8+ Kh7 81. Ra8 Rf1 82. Rb8 f5+ 83. Ke3 Kg6 84. Rg8+ Kh7 85. Ra8 Kg6 86. Rg8+ Kh7 87. Ra8 Kg6 88. Rg8+ 1/2-1/2

[Event "FIDE Chesscom Online Nations Cup"]
[White "Firouzja, Alireza"]
[Black "Artemiev, Vladislav"]
[Site "Online"]
[Round "4"]
[Annotator "RC"]
[Result "1/2-1/2"]
[Date "2020.05.06"]
[WhiteElo "2703"]
[BlackElo "2769"]
[PlyCount "154"]
[TimeControl "1500+10"]

1. e4 c5 2. Nf3 e6 3. d4 cxd4 4. Nxd4 Nc6 5. Nc3 a6 6. g3 Nxd4 7. Qxd4 b5 8. Bg2 Bb7 9. 0-0 Ne7 10. a4 Nc6 11. Qd1 b4 12. Nd5 Bc5 13. Qg4 0-0 14. Bh6 Bd4 15. c3 bxc3 16. bxc3 Be5 17. f4 Bf6 18. e5 exd5 19. exf6 Qxf6 20. Bg5 Qxc3 21. Qxd7 Rab8 22. Rac1 Qe3+ 23. Kh1 Qe6 24. Qxd5 Qxd5 25. Bxd5 Nd4 26. Bxb7 Rxb7 27. f5 h6 28. Be3 Rd8 29. Rc4 Rbd7 30. f6 g5 31. h4 gxh4 32. Rf4 Ne6 33. Rxh4 Nf8 34. Bxh6 Ng6 35. Rhe4 Rd6 36. Kg2 Rb8 37. Bg5 Rd5 38. Be3 Rb2+ 39. Kh3 Rh5+ 40. Kg4 Rd5 41. Bd4 Rd2 42. Bc3 R2d3 43. Rc8+ Kh7 44. Rc7 Kh6 45. Kh3 Rf3 46. Kg2 Rfd3 47. Be1 Rd7 48. Rxd7 Rxd7 49. Rc4 Rd6 50. Bc3 Kg5 51. Rc7 Rd3 52. Kf2 Kf5 53. Rc5+ Ke4 54. Rc4+ Kd5 55. Rc7 Ke4 56. Ba1 Rd1 57. Bc3 Rd3 58. Rc6 Kd5 59. Rc8 Ke4 60. Re8+ Kf5 61. Re3 Rd1 62. Ke2 Rb1 63. Kd3 Rb8 64. Kc4 Rc8+ 65. Kd5 Nf8 66. Re5+ Kg6 67. Re3 Nd7 68. Rf3 Nb6+ 69. Kd6 Nxa4 70. Bd4 Rd8+ 71. Ke5 Rb8 72. Rf4 Rb5+ 73. Kd6 Nb6 74. Rg4+ Kf5 75. Rf4+ Kg6 76. Rg4+ Kf5 77. Rf4+ Kg6 1/2-1/2

[Event "FIDE Chesscom Online Nations Cup"]
[White "Muzychuk, Mariya"]
[Black "Girya, Olga"]
[Site "Online"]
[Round "4"]
[Annotator "ChessBase"]
[Result "1/2-1/2"]
[Date "2020.05.06"]
[WhiteElo "2506"]
[BlackElo "2471"]
[PlyCount "167"]
[TimeControl "1500+10"]

1. e4 c6 2. d4 d5 3. Nc3 dxe4 4. Nxe4 Nf6 5. Nxf6+ exf6 6. c3 Bd6 7. Bd3 0-0 8. Qc2 Re8+ 9. Ne2 h5 10. Be3 Nd7 11. 0-0-0 Nf8 12. Ng3 g6 13. Ne4 Be7 14. h3 f5 15. Nd2 Be6 16. Kb1 b5 17. Be2 Qc7 18. Nb3 Bd5 19. Rhg1 Bd6 20. g3 Be4 21. Bd3 Rad8 22. Bg5 Be7 23. Bf4 Bd6 24. Bxd6 Qxd6 25. Bxe4 Rxe4 26. Nc5 Re7 27. g4 fxg4 28. hxg4 h4 29. g5 Qf4 30. Nd3 Qf5 31. Ne5 Qxc2+ 32. Kxc2 Rd6 33. Rg4 c5 34. Rxh4 cxd4 35. cxd4 Rc7+ 36. Kb1 Ne6 37. Rdh1 Nxg5 38. Rh8+ Kg7 39. f4 Ne4 40. Ng4 Nd2+ 41. Ka1 Rc1+ 42. Rxc1 Kxh8 43. Rc7 Kg7 44. Ne5 Rxd4 45. Rxf7+ Kg8 46. b3 a5 47. Rf6 Ne4 48. Rxg6+ Kf8 49. Rg2 Nc3 50. Kb2 b4 51. Nc6 Rxf4 52. Nxa5 Nd1+ 53. Kc1 Nc3 54. Nc6 Rf1+ 55. Kc2 Nxa2 56. Kb2 Nc3 57. Nxb4 Nb5 58. Re2 Rf3 59. Rd2 Ke8 60. Nc6 Rf6 61. Nd4 Nc7 62. Kc3 Rd6 63. b4 Kd7 64. Kc4 Nd5 65. b5 Ne3+ 66. Kc3 Nd5+ 67. Kb3 Nb6 68. Rd3 Kc7 69. Kc3 Nd5+ 70. Kc4 Nb6+ 71. Kb4 Kb7 72. Kc3 Nd5+ 73. Kd2 Nb4 74. Rb3 Rxd4+ 75. Kc3 Rd3+ 76. Kxb4 Rxb3+ 77. Kxb3 Kb6 78. Kb4 Kb7 79. Kc5 Kc7 80. b6+ Kb7 81. Kb5 Kb8 82. Kc6 Kc8 83. b7+ Kb8 84. Kb6 1/2-1/2

[Event "FIDE Chesscom Online Nations Cup"]
[White "Zatonskih, Anna"]
[Black "Dzagnidze, Nana"]
[Site "Online"]
[Round "4"]
[Annotator "RC"]
[Result "0-1"]
[Date "2020.05.06"]
[WhiteElo "2327"]
[BlackElo "2447"]
[PlyCount "94"]
[TimeControl "1500+10"]

1. e4 c5 2. c3 Nf6 3. e5 Nd5 4. Nf3 Nc6 5. Bc4 Nb6 6. Bb3 d5 7. exd6 Qxd6 8. 0-0 Be6 9. Na3 Bxb3 10. axb3 Qd3 11. Qc2 Rd8 12. Qxd3 Rxd3 13. Nc4 Nxc4 14. bxc4 e6 15. Rd1 Be7 16. Ne1 Rd7 17. Nf3 e5 18. d4 exd4 19. cxd4 cxd4 20. Bd2 0-0 21. b4 Bxb4 22. Bxb4 Nxb4 23. Rxa7 Nc6 24. Ra3 f6 25. Kf1 Rfd8 26. Ke2 g5 27. h3 Kf7 28. g4 Kg6 29. h4 gxh4 30. Rh1 Re7+ 31. Kd2 Ne5 32. Nxe5+ fxe5 33. Rxh4 Rf8 34. Ke2 e4 35. Rah3 Ref7 36. Rh6+ Kg5 37. R6h5+ Kf4 38. g5 d3+ 39. Ke1 Ra8 40. R3h4+ Kf5 41. g6+ Kxg6 42. Rh6+ Kf5 43. R6h5+ Kf6 44. Rh6+ Ke5 45. R4h5+ Kd4 46. Rd6+ Kc3 47. Kf1 Rg7 0-1